 Dungeon Crawl Stone Soup version 0.31-a0-1101-g9ad1905e61 (webtiles) character file.

Game seed: 5115799113948997554

896 Dirtsage the Changeling (level 8, 0/54 HPs)
             Began as an Octopode Shapeshifter on Dec 1, 2023.
             Was an Initiate of Gozag.
             Slain by a steam dragon (3 damage)
             ... on level 6 of the Dungeon.
             The game lasted 00:08:42 (4445 turns).

Dirtsage the Changeling (Octopode Shapeshifter)     Turns: 4445, Time: 00:08:43

Health: 0/54       AC:  1    Str: 14    XL:     8   Next: 7%
Magic:  8/8        EV: 13    Int: 18    God:    Gozag
Gold:   172        SH:  0    Dex:  8    Spells: 7/7 levels left

rFire   . .          .
                       - Unarmed
rCold   + . .        (no shield)
rNeg    . . .        (helmet currently unavailable)
rPois   .            h - amulet of the acrobat
rElec   .            v - ring "Musaoty" {*Corrode rC+ Will++ Int+6 Dex-5}
rCorr   .            (no ring)
SInv    .            (no ring)
Will    ++...        (no ring)
Stlth   ++           (no ring)
HPRegen 0.29/turn    (no ring)
MPRegen 0.11/turn    (no ring)
                     (no ring)

%: corrode self (3%), acrobat
@: beast-form
A: beast (slay +3), almost no armour, amphibious, 8 rings, camouflage 1,
gelatinous body 1, (nimble swimmer 1), tentacles
a: Begin Untransformation, Renounce Religion, Potion Petition, Call Merchant,
Bribe Branch


You were on level 6 of the Dungeon.
You worshipped Gozag.
Gozag was aware of your devotion.
You were a hulking beast.
You visited 2 branches of the dungeon, and saw 7 of its levels.

You collected 371 gold pieces.
You spent 161 gold pieces at shops.
You paid 38 gold pieces to Gozag.

Inventory:

Magical Staves
 j - a staff of death
Jewellery
 h - an amulet of the acrobat (around mantle)
 v - the ring "Musaoty" (left tentacle) {*Corrode rC+ Will++ Int+6 Dex-5}
   (You bought it in a shop on level 4 of the Dungeon)

   [ring of intelligence]

   Int+6:     It affects your intelligence (+6).
   Dex-5:     It affects your dexterity (-5).
   rC+:       It protects you from cold.
   Will++:    It greatly increases your willpower.
   *Corrode:  It may corrode you when you take damage.
Talismans
 b - a beast talisman
 c - a flux talisman
Scrolls
 d - a scroll of butterflies
 e - a scroll of vulnerability {unknown}
 f - a scroll of enchant armour {unknown}
 g - a scroll of fear
 o - a scroll of acquirement {unknown}
 r - a scroll of revelation
 t - a scroll of teleportation
 u - a scroll of silence
Potions
 a - 2 potions of lignification
 i - a potion of enlightenment {unknown}
 k - 2 potions of brilliance {unknown}
 l - 3 potions of mutation {unknown}
 n - a potion of haste {unknown}
 p - a potion of degeneration {unknown}
 q - a potion of curing
 s - a potion of invisibility {unknown}
 w - 2 potions of magic {unknown}


   Skills:
 + Level 4.4 Fighting
 - Level 2.0 Dodging
 + Level 5.3 Unarmed Combat
 * Level 6.5 Shapeshifting


You had 7 spell levels left.
You didn't know any spells.
Your spell library contained the following spells:

 Spells                   Type           Power      Damage    Failure   Level
 Summon Small Mammal      Summ           0%         N/A       22%         1
 Poisonous Vapours        Pois/Air       0%         N/A       32%         2
 Call Canine Familiar     Summ           0%         N/A       54%         3
 Mephitic Cloud           Conj/Pois/Air  0%         N/A       54%         3
 Summon Guardian Golem    Hex/Summ       0%         N/A       54%         3
 Freezing Cloud           Conj/Ice/Air   0%         6-21      99%         5


Dungeon Overview and Level Annotations

Branches:
Dungeon (6/15)             Temple (1/1) D:4

Altars:
Ashenzari
Cheibriados
Dithmenos
Gozag
Makhleb
Nemelex Xobeh
Okawaru
Sif Muna
Trog
Vehumet
Yredelemnul
Zin

Shops:
D:4 *   D:6 *


Innate Abilities, Weirdness & Mutations

You are a hulking beast.
Your limbs bulge with bestial killing power. (Slay +3)
You cannot wear most types of armour.
You are amphibious.
You can wear up to eight rings at the same time.
Your skin changes colour to match your surroundings (Stealth+).
Your rubbery body absorbs attacks. (AC +1, EV +1)
((You are camouflaged when in or above water. (Stealth+)))
You have tentacles for arms and can constrict up to eight enemies at once.


Message History

You take 8 damage, and have 20/54 hp.
You barely miss the steam dragon.
The steam dragon is heavily wounded.
The steam dragon breathes steam at you. The ball of steam hits you!
* * * LOW HITPOINT WARNING * * *
You take 13 damage, and have 7/54 hp.
MASSIVE DAMAGE!!
The steam dragon closely misses you. The steam dragon claws you.
* * * LOW HITPOINT WARNING * * *
You take 5 damage, and have 2/54 hp.
It was a potion of curing.
You feel better.
q - 3 potions of curing
h - an amulet of the acrobat (around mantle)
The steam dragon barely misses you. The steam dragon closely misses you.
You regained 7 hp, and now have 9/54 hp.
You tentacle-slap the steam dragon.
The steam dragon is severely wounded.
The steam dragon bites you!
* * * LOW HITPOINT WARNING * * *
The steam dragon claws you.
* * * LOW HITPOINT WARNING * * *
You take 7 damage, and have 2/54 hp.
You feel better. The steam dragon bites you.
* * * LOW HITPOINT WARNING * * *
The steam dragon claws you.
* * * LOW HITPOINT WARNING * * *
You take 1 damage, and have 1/54 hp.
You feel better. The steam dragon breathes steam at you.
The ball of steam misses you.
You regained 7 hp, and now have 8/54 hp.
The steam dragon misses you. The steam dragon claws you.
* * * LOW HITPOINT WARNING * * *
You take 5 damage, and have 3/54 hp.
Okay, then.
You barely miss the steam dragon. You tentacle-slap the steam dragon.
The steam dragon is severely wounded.
The steam dragon bites you.
You die...
Your body crumbles into a pile of gold.

#[$l. .#
#)...######.##
#............#
#.####$∩.....#
##......#
.######$....#
........?####
..######D#######.#.
.$.....§h<.........
#..#####.#######.##
#.# #.# #.###.#
#.....#
#.##########
#...........
#...#######.
#.#.....#


You could see a steam dragon.

Vanquished Creatures
  Sigmund (D:5)
  Menkaure (D:5)
  A black bear (D:3)
  An ogre (D:4)
  A jelly (D:5)
  An orc priest (D:3)
  A sleepcap (D:5)
  A gnoll bouda (D:3)
  Jessica (D:2)
  An iguana (D:4)
  Robin (D:2)
  12 gnolls
  3 adders
  A shadow imp (D:5)
  An ufetubus (D:6)
  A worm (D:3)
  3 dart slugs
  13 orcs
  8 endoplasms
  18 goblins
  12 hobgoblins
  7 kobolds
  2 quokkas
  5 ball pythons
  7 bats
  2 frilled lizards
  6 rats
112 creatures vanquished.

Vanquished Creatures (others)
  An iguana (D:6)
  A white imp (D:6)
  An orc (D:5)
3 creatures vanquished.

Grand Total: 115 creatures vanquished

Notes
Turn   | Place    | Note
-------+----------+-------------------------------------------
     0 | D:1      | Dirtsage the Octopode Shapeshifter began the quest for the
                  | Orb.
     0 | D:1      | Reached XP level 1. HP: 13/13 MP: 1/1
   125 | D:1      | Found a faded altar of an unknown god.
   154 | D:1      | Reached XP level 2. HP: 10/18 MP: 2/2
   478 | D:1      | Reached XP level 3. HP: 12/23 MP: 3/3
  1251 | D:2      | Noticed Jessica
  1259 | D:2      | Killed Jessica
  1260 | D:2      | Reached skill level 4 in Shapeshifting
  1260 | D:2      | Reached XP level 4. HP: 29/29 MP: 4/4
  1361 | D:2      | Noticed Robin
  1370 | D:2      | Killed Robin
  1393 | D:2      | Reached XP level 5. HP: 8/35 MP: 5/5
  1745 | D:3      | Found a glowing silver altar of Zin.
  2269 | D:3      | Reached XP level 6. HP: 41/41 MP: 6/6
  2459 | D:4      | Found a staircase to the Ecumenical Temple.
  2469 | Temple   | Entered the Ecumenical Temple
  2477 | Temple   | Became a worshipper of Gozag Ym Sagoz the Greedy
  2537 | D:4      | Noticed a black bear
  2629 | D:3      | Killed a black bear
  2630 | D:3      | Reached skill level 5 in Shapeshifting
  2829 | D:4      | Reached XP level 7. HP: 25/46 MP: 7/7
  2964 | D:3      | HP: 2/46 [gnoll bouda/+0 club (4)]
  3385 | D:4      | Found Sagaumil's Assorted Antiques.
  3396 | D:4      | Bought a scroll of identify for 46 gold pieces
  3396 | D:4      | Bought a heavily runed tin ring for 115 gold pieces
  3396 | D:4      | Identified the ring "Musaoty" {*Corrode rC+ Will++ Int+6
                  | Dex-5} (You bought it in a shop on level 4 of the Dungeon)
  3549 | D:5      | Entered Level 5 of the Dungeon
  3656 | D:5      | Noticed Sigmund
  3666 | D:5      | Killed Sigmund
  3667 | D:5      | Reached skill level 5 in Unarmed Combat
  3667 | D:5      | Reached skill level 6 in Shapeshifting
  3744 | D:5      | Noticed Menkaure
  3758 | D:5      | Killed Menkaure
  3787 | D:5      | Found a sparkling altar of Nemelex Xobeh.
  3891 | D:5      | Reached XP level 8. HP: 40/54 MP: 8/8
  4407 | D:6      | Found Pokisu's Lightly-Used Armoury.
  4439 | D:6      | HP: 2/54 [steam dragon (5)]
  4445 | D:6      | Slain by a steam dragon

Illustrated notes

Levels and vault maps discovered:
D:1:      dpeg_arrival_shrine, layout_basic,
          chequers_ecumenical_altar_simple_redux
D:2:      layout_rooms, minmay_statues_item, uniq_robin, uniq_jessica
D:3:      layout_loops_cross, zin_scriptorium
D:4:      layout_rooms, minmay_temple_entry_antechambers, serial_shops,
          nicolae_shop_peninsula
D:5:      layout_basic, mainiacjoe_overflow_concentric_impassable,
          nicolae_concentric_dashed_squares_mild, uniq_menkaure, uniq_sigmund
D:6:      layout_basic, grunt_ministairs_11, minmay_shop_damaged,
          lightli_corner_chamber
Temple:   eino_temple_lava

Skill      XL: |  1  2  3  4  5  6  7 |
---------------+----------------------+-----
Fighting       | 2 3 4 |  4.4
Shapeshifting  | 4 5 6 |  6.5
Unarmed Combat | 4 5 |  5.3
Dodging        | |  2.0

Action                     |  1- 3 |  4- 6 |  7- 9 || total
---------------------------+-------+-------+-------++-------
  Melee: Unarmed           |    68 |   102 |    63 ||   233
         Constrict         |    18 |    26 |    16 ||    60
         Tentacles         |    19 |    25 |    17 ||    61
         Punch             |     2 |     1 |     2 ||     5
    Use: Potion            |       |     1 |     3 ||     4
         Scroll            |       |       |     6 ||     6
   Stab: Sleeping          |     4 |     3 |       ||     7
 Armour: Skin              |    27 |    50 |    42 ||   119
  Dodge: Dodged            |    40 |    35 |    43 ||   118

Table legend: (Time is in decaauts)
 A = Elapsed time spent in this place.
 B = Non-inter-level travel time spent in this place.
 C = Inter-level travel time spent in this place.
 D = Time resting spent in this place.
 E = Time spent auto-exploring this place.
 F = Levels seen in this place.
 G = Mean time per level.
                   A        B        C        D        E       F      G
               +--------+--------+--------+--------+--------+-----+--------+
         Total |   4429 |   4211 |    218 |    312 |   3191 |   7 |  632.7 |
       Dungeon |   4413 |   4202 |    211 |    312 |   3191 |   6 |  735.5 |
        Temple |     16 |      9 |      7 |      0 |      0 |   1 |   16.0 |
               +--------+--------+--------+--------+--------+-----+--------+

Top non-repeatable levels by time:
     D:3: 1333 daAuts
     D:1: 1022 daAuts
     D:5: 836 daAuts
     D:4: 649 daAuts
     D:2: 516 daAuts
     D:6: 54 daAuts
  Temple: 16 daAuts
